 Dungeon Crawl Stone Soup version 0.31.0-9-g3a7656b989 (webtiles) character file.

Game seed: 1869506584144757959

2439 qw the Skirmisher (level 9, -1/50 HPs)
             Began as a Deep Elf Hunter on Feb 2, 2024.
             Was a Priest of Okawaru.
             Slain by a vampire (9 damage)
             ... on level 8 of the Dungeon.
             The game lasted 00:00:30 (6336 turns).

qw the Skirmisher (Deep Elf Hunter)                 Turns: 6336, Time: 00:00:31

Health: -1/50      AC:  7    Str: 12    XL:     9   Next: 25%
Magic:  14/14      EV: 13    Int: 15    God:    Okawaru [***...]
Gold:   245        SH:  0    Dex: 18    Spells: 8/8 levels left

rFire   + . .        a - +1 shortbow (heavy)
rCold   + . .        (shield currently unavailable)
rNeg    . . .        s - +1 ring mail {rF+}
rPois   .            (no helmet)
rElec   .            (no cloak)
rCorr   .            c - +0 pair of gloves
SInv    .            (no boots)
Will    .....        (no amulet)
Stlth   +            q - ring of protection from cold
HPRegen 0.28/turn    (no ring)
MPRegen 0.14/turn

%: no passive effects
@: no status effects
A: no striking features
a: Renounce Religion, Heroism


You were on level 8 of the Dungeon.
You worshipped Okawaru.
Okawaru was most pleased with you.
You visited 2 branches of the dungeon, and saw 9 of its levels.
You also visited: Sewer.

You collected 378 gold pieces.
You spent 133 gold pieces at shops.


   Skills:
 + Level 3.0 Fighting
 - Level 14.0 Ranged Weapons
 - Level 1.0 Armour
 - Level 6.0 Dodging
 - Level 1.2 Stealth
 - Level 4.5 Invocations


You had 8 spell levels left.
You didn't know any spells.
Your spell library was empty.

Inventory:

Hand Weapons
 a - a +1 heavy shortbow (weapon)
Armour
 c - a +0 pair of gloves (worn)
 e - a +3 ring mail
 s - a +1 ring mail of fire resistance (worn)
Jewellery
 h - a ring of ice
 q - a ring of protection from cold (left hand)
 r - an amulet of the acrobat
Wands
 p - a wand of quicksilver (5)
Scrolls
 k - 2 scrolls of teleportation
Potions
 b - 3 potions of curing
 d - 3 potions of heal wounds
 f - a potion of cancellation
 g - 3 potions of mutation
 i - 3 potions of might
 j - a potion of resistance
 l - 2 potions of enlightenment
 m - a potion of ambrosia {unknown}
 n - a potion of magic
 o - a potion of lignification {unknown}

Dungeon Overview and Level Annotations

Branches:
Dungeon (8/15)             Temple (1/1) D:4           Sewer (visited)
   Lair: D:8-11

Altars:
Ashenzari
Cheibriados
Dithmenos
Elyvilon
Fedhas
Gozag
Hepliaklqana
Kikubaaqudgha
Makhleb
Nemelex Xobeh
Okawaru
Qazlal
Ru
Sif Muna
Trog
Uskayaw
Vehumet
Wu Jian
Yredelemnul
Zin
The Shining One

Shops:
D:4 ?*

Portals:
Abyss: D:3

Annotations:
D:3 2 transporters
D:5 2 transporters, qw's ghost, amateur SpHu


Message History

The vampire casts a spell at you. You resist with some effort.
Your Dodging skill gained 2 levels and is now at level 6!
You shoot an arrow. The arrow hits the vampire!
The vampire is moderately damaged.
The vampire barely misses you. The vampire bites you.
The vampire draws strength from your injuries!
You shoot an arrow. The arrow barely misses the vampire.
The vampire closely misses you. The vampire bites you.
The vampire draws strength from your injuries!
You shoot an arrow. The arrow hits the vampire.
The vampire is moderately damaged.
The vampire barely misses you. The vampire bites you!
The vampire draws strength from your injuries!
You shoot an arrow. The arrow hits the vampire.
The vampire is lightly damaged.
The vampire hits you but does no damage.
The vampire bites you!
The vampire draws strength from your injuries!
You shoot an arrow. The arrow hits the vampire.
The vampire is lightly damaged.
The vampire hits you. The vampire bites you!
The vampire draws strength from your injuries!
You shoot an arrow. The arrow hits the vampire!
The vampire is heavily damaged.
The vampire misses you. The vampire closely misses you.
The vampire barely misses you. The vampire closely misses you.
You shoot an arrow. The arrow closely misses the vampire.
The vampire points at you and mumbles some strange words.
You resist with some effort.
You shoot an arrow. The arrow hits the vampire!
The vampire is almost destroyed.
The vampire casts a spell.
The vampire flickers and vanishes!
Deactivating autopickup; reactivate with Ctrl-A.
You shoot an arrow. Something draws life force from you!
You shoot an arrow. Something hits you!
You die...

### #.# .## ##..#+
#.. ##....+ ..
##...#.###.# .
#.{)##..#..##..
#.@....#......
#++#.......#
###'''###
##.....##
#.......#
#.......## ##
#...##.....##...
#...####..........
. #.#
#..#.......#.#....


There were no monsters in sight!

Vanquished Creatures
  A manticore (D:6)
  A kobold demonologist (D:8)
  A wyvern (D:8)
  A steam dragon (D:8)
  2 ice beasts
  An ogre (D:6)
  3 sky beasts
  A bullfrog (D:8)
  2 kobold brigands (Sewer)
  A gnoll sergeant (D:5)
  2 quasits (D:6)
  2 hounds
  A jelly (D:5)
  An orc priest (D:7)
  A gnoll bouda (D:7)
  2 iguanas
  3 sleepcaps
  Ijyb (D:5)
  An orc wizard (D:7)
  7 gnolls
  12 adders
  A shadow imp (D:7)
  A white imp (D:6)
  3 ufetubi
  3 dart slugs
  9 orcs
  12 ball pythons
  11 endoplasms
  6 giant cockroaches
  3 goblins
  5 hobgoblins
  3 jackals (D:4)
  5 quokkas
  4 bats
  8 frilled lizards
  19 kobolds
  5 rats
145 creatures vanquished.

Notes
Turn   | Place    | Note
-------+----------+-------------------------------------------
     0 | D:1      | qw the Deep Elf Hunter began the quest for the Orb.
     0 | D:1      | Reached XP level 1. HP: 12/12 MP: 3/3
     0 | D:1      | 0 ||| qw: Version: 0.3-a-155-g5e7d8dd
     0 | D:1      | 0 ||| qw: Game counter: 1599
     0 | D:1      | 0 ||| qw: Melee chars always use a shield: true
     0 | D:1      | 0 ||| qw: God list: Okawaru
     0 | D:1      | 0 ||| qw: Allow faded altars: false
     0 | D:1      | 0 ||| qw: Do Orc after clearing Dungeon:15 true
     0 | D:1      | 0 ||| qw: Do second Lair branch before Depths: true
     0 | D:1      | 0 ||| qw: Lair rune preference: random
     0 | D:1      | 0 ||| qw: Goals: Normal
     0 | D:1      | 0 ||| PLANNING D:1-11
    45 | D:1      | Reached skill level 6 in Ranged Weapons
    45 | D:1      | Reached XP level 2. HP: 16/16 MP: 4/4
   553 | D:1      | Reached XP level 3. HP: 20/20 MP: 5/5
   672 | D:1      | 672 ||| UPGRADING to +0 ring mail.
   682 | D:1      | 682 ||| DROPPING +0 leather armour.
   683 | D:1      | 683 ||| READING scroll labelled DIEF EDUELUTZ.
   784 | D:1      | 784 ||| READING scroll labelled KUESOC KUTU.
   784 | D:1      | 784 ||| IDENTIFYING scroll labelled ACYASK HENARPH
   785 | D:1      | 785 ||| DROPPING scroll of butterflies.
   786 | D:1      | 786 ||| DROPPING scroll of summoning.
   892 | D:2      | Identified the staff of the Fool {rC+ Dex+3 Ice Alchemy}
  1016 | D:2      | 1016 ||| DROPPING +1 heavy sling.
  1375 | D:2      | 1375 ||| READING scroll labelled WAMYEGEM GIZA.
  1375 | D:2      | 1375 ||| BRANDING +0 shortbow.
  1376 | D:2      | 1376 ||| READING scroll labelled DUOLOJ NANIPS.
  1377 | D:2      | 1377 ||| READING scroll labelled HYSTOT QOST.
  1378 | D:2      | 1378 ||| READING scroll labelled KUSEFU HUSO.
  1381 | D:2      | 1381 ||| READING 3 scrolls labelled KIUFRICAMI.
  1381 | D:2      | 1381 ||| ENCHANTING +0 ring mail.
  1382 | D:2      | 1382 ||| READING 2 scrolls of enchant armour.
  1382 | D:2      | 1382 ||| ENCHANTING +1 ring mail.
  1383 | D:2      | 1383 ||| READING scroll of enchant armour.
  1383 | D:2      | 1383 ||| ENCHANTING +2 ring mail.
  1384 | D:2      | 1384 ||| READING scroll labelled RUPYLIE SATEL.
  1447 | D:3      | Noticed a small abomination
  1456 | D:3      | Found a transporter.
  1458 | D:3      | Found a transporter.
  1487 | D:3      | Reached skill level 7 in Ranged Weapons
  1657 | D:3      | Found a sparkling altar of Nemelex Xobeh.
  1760 | D:3      | Found a one-way gate to the infinite horrors of the Abyss.
  1824 | D:3      | Noticed a small abomination
  1990 | D:3      | 1990 ||| READING scroll of identify.
  1990 | D:3      | 1990 ||| IDENTIFYING puce potion
  1991 | D:3      | 1991 ||| READING scroll labelled GUDINAA RIZIT.
  1992 | D:3      | 1992 ||| READING scroll labelled SEAFRO LYPHANT.
  1993 | D:3      | 1993 ||| READING 2 scrolls labelled IBRAD AWEATA.
  1994 | D:3      | 1994 ||| DRINKING 2 sapphire potions.
  1995 | D:3      | 1995 ||| DROPPING potion of attraction.
  1996 | D:3      | 1996 ||| DROPPING scroll of poison.
  1998 | D:3      | 1998 ||| Stepping ~*~*~tactically~*~*~ (cloud).
  2004 | D:3      | HP: 5/20 [poisoned by you (poison gas)]
  2151 | D:4      | Reached XP level 4. HP: 25/25 MP: 6/6
  2170 | D:4      | Found Yfoutup's Assorted Antiques.
  2180 | D:4      | 2180 ||| BUYING potion of curing (63 gold).
  2180 | D:4      | Bought a potion of curing for 63 gold pieces
  2180 | D:4      | 2180 ||| BUYING scroll labelled HUCVEL ZADAI (21 gold).
  2180 | D:4      | Bought a scroll labelled HUCVEL ZADAI for 21 gold pieces
  2180 | D:4      | 2180 ||| BUYING scroll labelled HUCVEL ZADAI (21 gold).
  2180 | D:4      | Bought a scroll labelled HUCVEL ZADAI for 21 gold pieces
  2180 | D:4      | 2180 ||| SHOPLISTING scroll labelled TOM GOZXYCRYM (21
                  | gold, have 8).
  2180 | D:4      | 2180 ||| SHOPLISTING scroll of enchant armour (157 gold,
                  | have 8).
  2180 | D:4      | 2180 ||| SHOPLISTING transparent marble ring (105 gold,
                  | have 8).
  2381 | D:4      | Reached skill level 8 in Ranged Weapons
  2588 | D:4      | HP: 6/25 [poisoned by an adder]
  2736 | D:4      | Found Siwyunn's Magic Scroll Emporium.
  2741 | D:4      | 2741 ||| SHOPLISTING scroll of brand weapon (133 gold, have
                  | 67).
  2741 | D:4      | 2741 ||| SHOPLISTING scroll of enchant weapon (105 gold,
                  | have 67).
  2741 | D:4      | 2741 ||| BUYING scroll of identify (28 gold).
  2741 | D:4      | Bought a scroll of identify for 28 gold pieces
  2785 | D:4      | Found a staircase to the Ecumenical Temple.
  2786 | D:4      | 2786 ||| PLANNING TEMPLE
  2786 | D:4      | 2786 ||| READING scroll of identify.
  2786 | D:4      | 2786 ||| IDENTIFYING black potion
  2787 | D:4      | 2787 ||| READING 2 scrolls labelled HUCVEL ZADAI.
  2788 | D:4      | 2788 ||| DROPPING scroll of amnesia.
  2794 | Temple   | Found a transporter.
  2794 | Temple   | Found a transporter.
  2794 | Temple   | Found a transporter.
  2794 | Temple   | Found a transporter.
  2794 | Temple   | Entered the Ecumenical Temple
  2795 | Temple   | 2795 ||| PLANNING D:1-11
  2815 | Temple   | 2815 ||| PLANNING OKAWARU WORSHIP
  2820 | Temple   | Became a worshipper of Warmaster Okawaru
  2821 | Temple   | 2821 ||| PLANNING D:1-11
  2920 | D:5      | Entered Level 5 of the Dungeon
  2920 | D:5      | Noticed a gnoll sergeant
  2921 | D:5      | 2921 ||| STAIRDANCE
  2935 | D:4      | Reached XP level 5. HP: 22/29 MP: 7/7
  2966 | D:5      | 2966 ||| STAIRDANCE
  3009 | D:5      | 3009 ||| STAIRDANCE
  3028 | D:5      | 3028 ||| STAIRDANCE
  3076 | D:5      | 3076 ||| STAIRDANCE
  3154 | D:5      | 3154 ||| STAIRDANCE
  3168 | D:5      | Reached skill level 9 in Ranged Weapons
  3171 | D:5      | 3171 ||| STAIRDANCE
  3221 | D:5      | 3221 ||| STAIRDANCE
  3239 | D:5      | 3239 ||| STAIRDANCE
  3429 | D:5      | Reached XP level 6. HP: 36/36 MP: 8/8
  3521 | D:5      | Found a transporter.
  3522 | D:5      | Found a transporter.
  3530 | D:5      | Noticed qw's ghost (amateur SpHu)
  3533 | D:5      | Noticed a yak
  3818 | D:5      | Noticed Ijyb
  3823 | D:5      | Noticed an ice beast
  3830 | D:5      | Killed Ijyb
  3830 | D:5      | Reached * piety under Okawaru
  3831 | D:5      | 3831 ||| INVOKING Heroism.
  3840 | D:5      | Killed an ice beast
  3841 | D:5      | Reached skill level 10 in Ranged Weapons
  4235 | D:5      | 4235 ||| UPGRADING to ring of protection from cold.
  4236 | D:5      | 4236 ||| READING 2 scrolls of identify.
  4236 | D:5      | 4236 ||| IDENTIFYING fuming sapphire potion
  4237 | D:5      | 4237 ||| READING scroll of identify.
  4237 | D:5      | 4237 ||| IDENTIFYING bubbling clear potion
  4238 | D:5      | 4238 ||| DRINKING 2 murky dark potions.
  4239 | D:5      | 4239 ||| DROPPING potion of brilliance.
  4272 | D:6      | 4272 ||| PLANNING SEWER
  4276 | D:6      | 4276 ||| STAIRDANCE
  4331 | D:6      | Reached skill level 3 in Dodging
  4331 | D:6      | Reached skill level 1 in Invocations
  4331 | D:6      | Reached XP level 7. HP: 14/40 MP: 8/10
  4573 | D:6      | 4573 ||| READING scroll of brand weapon.
  4573 | D:6      | 4573 ||| BRANDING +0 shortbow of freezing.
  4669 | D:6      | Found a glowing drain.
  4688 | D:6      | 4688 ||| READING scroll of identify.
  4688 | D:6      | 4688 ||| IDENTIFYING fizzy pink potion
  4689 | D:6      | 4689 ||| DRINKING 2 golden potions.
  4690 | D:6      | 4690 ||| DRINKING 2 orange potions.
  4691 | D:6      | 4691 ||| DROPPING potion of degeneration.
  4692 | D:6      | Noticed a manticore
  4693 | D:6      | 4693 ||| INVOKING Heroism.
  4700 | D:6      | Killed a manticore
  4700 | D:6      | Reached ** piety under Okawaru
  4701 | D:6      | Reached skill level 11 in Ranged Weapons
  4701 | D:6      | Reached XP level 8. HP: 35/45 MP: 9/13
  4782 | Sewer    | Entered a sewer
  4921 | Sewer    | Reached skill level 12 in Ranged Weapons
  4927 | Sewer    | HP: 10/45 [kobold/+0 dagger (3)]
  4928 | Sewer    | 4928 ||| READING 2 scrolls of teleportation.
  4929 | Sewer    | 4929 ||| DRINKING 2 potions of heal wounds.
  5123 | Sewer    | 5123 ||| READING scroll labelled MESODE LONA.
  5123 | Sewer    | 5123 ||| ENCHANTING +0 heavy shortbow.
  5124 | Sewer    | 5124 ||| DRINKING 2 viscous green potions.
  5125 | Sewer    | 5125 ||| DRINKING 2 viscous grey potions.
  5126 | Sewer    | 5126 ||| DRINKING 2 fuming brown potions.
  5127 | Sewer    | 5127 ||| DROPPING potion of invisibility.
  5131 | D:6      | 5131 ||| PLANNING D:1-11
  5181 | D:6      | Reached skill level 1 in Armour
  5254 | D:6      | Reached skill level 3 in Fighting
  6075 | D:7      | 6075 ||| UPGRADING to +0 pair of gloves.
  6080 | D:7      | 6080 ||| UPGRADING to +1 ring mail of fire resistance.
  6090 | D:7      | 6090 ||| READING scroll labelled TOM GOZXYCRYM.
  6115 | D:8      | Reached skill level 13 in Ranged Weapons
  6125 | D:8      | Reached *** piety under Okawaru
  6186 | D:8      | Reached skill level 14 in Ranged Weapons
  6186 | D:8      | Reached XP level 9. HP: 26/50 MP: 14/14
  6300 | D:8      | Found a stormy altar of Qazlal.
  6322 | D:8      | Noticed a kobold demonologist
  6324 | D:8      | 6324 ||| ZAPPING wand of quicksilver (8) at 0,-1 (kobold
                  | demonologist; floor).
  6325 | D:8      | 6325 ||| ZAPPING wand of quicksilver (7) at 0,-1 (kobold
                  | demonologist; floor).
  6326 | D:8      | Noticed a red devil
  6326 | D:8      | 6326 ||| ZAPPING wand of quicksilver (6) at 0,-1 (kobold
                  | demonologist; floor).
  6326 | D:8      | Killed a kobold demonologist
  6327 | D:8      | Reached skill level 6 in Dodging
  6335 | D:8      | HP: 8/50 [something (9)]
  6336 | D:8      | Slain by a vampire

Levels and vault maps discovered:
D:1:      onia_arrival_handbag, layout_loops_ring, serial_park_tiny_pond
D:2:      layout_basic
D:3:      minmay_spotlight, layout_basic, nemelex_spade_bored_becter,
          gammafunk_ghost_abyssal_escape, st_stairs_4
D:4:      layout_gridville, temple_statues, serial_shops, kennysheep_little_box,
          shop_coins
D:5:      layout_layer_cave, gammafunk_ghost_arena, nicolae_half_adder,
          uniq_ijyb
D:6:      layout_rooms, gup_sewer_entry_glass, serial_demonic, serial_demonic_b,
          serial_demonic_g, serial_demonic_g, serial_demonic_d
D:7:      layout_basic, item_on_display_a
D:8:      layout_rooms, brannock_xom_greatest_gift,
          nicolae_qazlal_beasts_of_the_sky, erik_lair_dragon,
          serial_library_regret_index_headful
Temple:   hellmonk_temple_divided_pantheon

Skill      XL: |  1  2  3  4  5  6  7  8  9 |
---------------+----------------------------+-----
Ranged Weapons | 6 7 8 9 10 11 14 | 14.0
Fighting       | 2 3 |  3.0
Dodging        | 3 4 6 |  6.0
Invocations    | 1 4 |  4.5
Armour         | 1 |  1.0
Stealth        | |  1.2

Action                     |  1- 3 |  4- 6 |  7- 9 || total
---------------------------+-------+-------+-------++-------
   Fire: Shortbow          |   113 |   170 |   184 ||   467
 Invoke: Heroism           |       |     1 |     1 ||     2
  Evoke: Wand              |       |       |     3 ||     3
    Use: Scroll            |    14 |     4 |     5 ||    23
         Potion            |     1 |     1 |     6 ||     8
 Armour: Leather armour    |     2 |       |       ||     2
         Ring mail         |       |    81 |   117 ||   198
  Dodge: Dodged            |    10 |    75 |   103 ||   188

Table legend:
 A = Non-vault XP
 B = Vault XP
 C = Vault XP percentage of total XP
 D = Non-vault monster count
 E = Vault monster count
 F = Vault count percentage of total count
                 A         B        C        D         E       F
            +---------+---------+-------+---------+---------+-------
      Total |    2486 |     999 |  28.7 |      94 |      51 |  35.2
            +---------+---------+-------+---------+---------+-------
        D:1 |      34 |       7 |  17.1 |      20 |       4 |  16.7
        D:2 |      13 |       0 |   0.0 |       9 |       0 |   0.0
        D:3 |      11 |      21 |  65.6 |       6 |       5 |  45.5
        D:4 |     167 |       0 |   0.0 |      19 |       0 |   0.0
        D:5 |     370 |      99 |  21.1 |      12 |       6 |  33.3
        D:6 |     926 |     133 |  12.6 |      10 |       8 |  44.4
        D:7 |     343 |       0 |   0.0 |      13 |       0 |   0.0
        D:8 |     622 |     496 |  44.4 |       5 |       2 |  28.6
      Sewer |       0 |     243 | 100.0 |       0 |      26 | 100.0
            +---------+---------+-------+---------+---------+-------
